 Dungeon Crawl Stone Soup version 0.17.1-1-g73c8601 (webtiles) character file.

12 ololoev the Skirmisher (level 2, 16/24 HPs)
             Began as a Demonspawn Fighter on Dec 18, 2015.
             Quit the game on level 2 of the Dungeon.
             The game lasted 00:00:44 (107 turns).

ololoev the Skirmisher (Demonspawn Fighter)          Turns: 107, Time: 00:00:45

Health: 16/24      AC:  9    Str: 16    XL:     2   Next: 20%
Magic:  2/2        EV:  4    Int:  9    God:
Gold:   11         SH:  8    Dex: 12    Spells: 0 memorised, 1 level left

rFire  . . .     SeeInvis .     a - +0 war axe
rCold  . . .     Clarity  .     f - +0 chain mail
rNeg   . . .     SustAt   .     c - +0 shield
rPois  .         Gourm    .     (no helmet)
rElec  .         Spirit   .     (no cloak)
rCorr  .         Warding  .     (no gloves)
rMut   .         Stasis   .     (no boots)
MR     .....                    (no amulet)
Stlth  ..........               (no ring)
                                (no ring)

@: not resistant to hostile enchantments, extremely unstealthy
A: claws 1
a: no special abilities


Innate Abilities, Weirdness & Mutations

You have sharp fingernails.

Inventory:

Hand Weapons
 a - a +0 war axe (weapon)
Armour
 c - a +0 shield (worn)
 f - a +0 chain mail (worn)
Scrolls
 b - a scroll of random uselessness {unknown}
Potions
 d - a potion of might
Comestibles
 e - a bread ration


   Skills:
 - Level 3.0 Fighting
 * Level 2.3 Axes
 + Level 2.9 Armour
 - Level 2.6 Shields


You had one spell level left.
You didn't know any spells.


You were on level 2 of the Dungeon.
You were not hungry.

You visited 1 branch of the dungeon, and saw 2 of its levels.

You collected 11 gold pieces.

#########
#..@...$#
#...†...#
#.......#
#.......#
#.......#
#.......#
#.......#
#.......#

Notes
Turn   | Place    | Note
--------------------------------------------------------------
     0 | D:1      | ololoev the Demonspawn Fighter began the quest for the Orb.
     0 | D:1      | Reached XP level 1. HP: 18/18 MP: 1/1
   106 | D:2      | Gained mutation: You have sharp fingernails. [demonic ancestry]
   106 | D:2      | Reached XP level 2. HP: 16/24 MP: 2/2
   107 | D:2      | Quit the game

Dungeon Overview and Level Annotations

Branches:
Dungeon (2/15)

Altars:


Message History

There is a stone staircase leading up here.
You closely miss the adder. The adder bites you but does no damage.
The adder bites you but does no damage.
You barely miss the adder. You block the adder's attack.
The adder completely misses you.
You closely miss the adder. The adder bites you but does no damage.
The adder bites you but does no damage.
You miss the adder. The adder bites you.
You miss the adder. You block the adder's attack.
The adder bites you but does no damage.
Your shield and chain mail prevent you from hitting the adder.
The adder barely misses you. The adder bites you but does no damage.
Your shield and chain mail prevent you from hitting the adder.
The adder bites you but does no damage. x2
You hit the adder.
The adder is moderately wounded.
The adder bites you. You block the adder's attack.
You miss the adder.
The adder is moderately wounded.
The adder bites you but does no damage. x2
You slash the adder!
The adder is almost dead.
You block the adder's attack. The adder bites you but does no damage.
You miss the adder.
The adder is almost dead.
The adder bites you but does no damage. The adder bites you.
You barely miss the adder.
The adder is almost dead.
You block the adder's attack. The adder bites you but does no damage.
Your shield and chain mail prevent you from hitting the adder.
The adder is almost dead.
You block the adder's attack. The adder barely misses you.
You slash the adder!
You kill the adder!
Your Axes skill increases to level 2!
You have reached level 2!
You feel monstrous as your demonic heritage exerts itself.
Your demonic ancestry asserts itself...
Your fingernails lengthen.
Are you sure you want to abandon this character and quit the game? (Confirm with "yes".)

There were no monsters in sight!

Vanquished Creatures
  An adder (D:2)
  A hobgoblin (D:1)
  A kobold (D:1)
  A rat (D:1)
4 creatures vanquished.

Action                   || total
-------------------------++-------
Melee: War axe           ||    31

Vault maps used:
D:1:      dpeg_arrival_simpleton_c
D:2:      lemuel_doored_altar, gammafunk_temple_overflow_elements, first_bread,
          kennysheep_generic_room_5
